Khor, chaotic male elven Wizard ---- |..| -<.| .@. G-- Khor the Conjurer Experience level: 4 Strength: 10 Dexterity: 16 Constitution: 14 Intelligence: 16 Wisdom: 10 Charisma: 10 Health: 0(26) Energy: 1(35) Def: 1 Gold: 324 Moves: 977 Dungeon seed: Ke3dcagap-FIWKta Game ID: Khor_1433918196 Your Inventory: Coins $ - 324 gold pieces Weapons a - a blessed +1 quarterstaff (weapon in hands) Armor e - an uncursed +0 cloak of magic resistance (being worn) r - an uncursed +0 pair of water walking boots Comestibles v - 3 uncursed food rations Scrolls i - a blessed scroll of destroy armor j - an uncursed scroll of stinking cloud s - a blessed scroll of identify t - 2 uncursed scrolls of scare monster u - an uncursed scroll of scare monster A - an uncursed scroll of teleportation D - an uncursed scroll of create monster Spellbooks l - a blessed spellbook of force bolt m - a blessed spellbook of magic missile x - an uncursed spellbook of charm monster Potions f - an uncursed potion of gain energy g - an uncursed potion of speed h - an uncursed potion of see invisible w - a cursed potion of fruit juice z - a cursed potion of confusion B - an uncursed potion of monster detection Rings c - an uncursed ring of warning d - an uncursed ring of fire resistance Wands b - an uncursed wand of undead turning (0:7) Tools k - an uncursed lock pick o - an uncursed magic marker (0:39) p - an uncursed wooden harp E - an uncursed tallow candle (0:200) Spells known in the end: Name Level Category Fail Memory a - force bolt 1 attack 0% 96% b - magic missile 2 attack 0% 96% c - create monster 2 clerical 67% 96% d - charm monster 3 enchantment 0% 100% Your skills at the end: Fighting Skills Weapon Skills quarterstaff [Basic] Spellcasting Skills attack spells [Basic] enchantment spells [Basic] Final Attributes: You were piously aligned. You were sleep resistant. You were magic-protected. You had infravision. You are dead. Vanquished creatures: a small mimic a gnome king a gnome lord a little dog a giant bat an iguana an acid blob a coyote a hobbit a giant rat a gnome a gecko 6 jackals 2 foxen 6 grid bugs 2 lichens a newt 29 creatures vanquished. Voluntary challenges: You were an atheist. You used a wielded weapon 43 times, starting on turn 17. You read items or engraved 6 times, starting on turn 783. You never genocided any monsters. You never polymorphed an object. You never changed form. You used no wishes. You never split a pudding. You never wrote Elbereth's name. You never violated your personal moral code. Dungeon overview: The Dungeons of Doom: levels 1 to 5 Level 1 a fountain a long staircase Level 2 a general store, a fountain Level 3 a general store Level 4 stairs to The Gnomish Mines Level 5 The Gnomish Mines: Level 5 <- You were here stairs to The Dungeons of Doom History has recorded: On T:1 you entered the Dungeons of Doom to retrieve the Amulet of Yendor! On T:239 you reached level 2 of The Dungeons of Doom. On T:368 you advanced to experience level 2. On T:457 you advanced to experience level 3. On T:528 you reached level 3 of The Dungeons of Doom. On T:772 you reached level 4 of The Dungeons of Doom. On T:836 you reached level 5 of The Dungeons of Doom. On T:879 you advanced to experience level 4. On T:958 you reached level 1 of The Gnomish Mines. Score breakdown: Gold: 324 ( 8544 points) Experience: 4 levels ( 9649 points) Exploration: 5 levels ( 10.20%) ( 8660 points) Discoveries: 4 items ( 1.45%) ( 3611 points) Valuables value: (no points given unless you survive) Artifact value: 0 ( 0 points) Variety of kills: 17 monsters ( 4.49%) ( 6353 points) Time penalty: 977 turns ( 0 points) Survival: died (score multiplied by 80%) Total score: 29453 Latest messages: You hit the gnome lord. The gnome lord swings his thonged club. The gnome lord hits! You die... Final status: Goodbye Khor the Wizard, killed by a gnome lord... You died in The Gnomish Mines on dungeon level 5 with 29453 points, and 324 pieces of gold, after 977 moves. You were level 4 with a maximum of 26 hit points when you died.